[Event "Early-Titled-Tuesday-Blitz-November-28-2023"]
[Site "Chess.com"]
[Date "2023.11.28"]
[Round "6"]
[White "VincentKeymer"]
[Black "wonderfultime"]
[Result "0-1"]
[WhiteElo "3022"]
[BlackElo "3088"]
[TimeControl "180+1"]
[EndTime "9:14:09 PST"]
[Termination "wonderfultime won on time"]

1. Nf3 Nf6 2. c4 c6 3. Nc3 d5 4. e3 a6 5. d4 Bf5 6. Nh4 Be4 7. f3 Bg6 8. Qb3 Ra7 9. Bd2 e6 10. Nxg6 hxg6 11. O-O-O dxc4 12. Bxc4 b5 13. Be2 c5 14. dxc5 Bxc5 15. Kb1 Rd7 16. Bc1 O-O 17.
g4 Rxd1 18. Qxd1 Qb6 19. g5 Nfd7 20. Qg1 Rc8 21. h4 Nf8 22. Ne4 Nbd7 23. Bd2 Ne5 24. Qh2 Bd6 25. Nxd6 Qxd6 26. Bc3 Nc4 27. Qxd6 Nxd6 28.
e4 Nc4 29. Rd1 Na3+ 30. bxa3 Rxc3 31. Kb2 Re3 32. Rd2 f6 33. Bd1 Kf7 34. Rd6 a5 35. Rb6 Nd7 36. Rxb5 Ne5 37. f4 Nc4+ 38. Kc1 Rc3+ 39.
Bc2 Rxc2+ 40. Kxc2 Nxa3+ 41. Kb3 Nxb5 42. Ka4 Nc3+ 43.
Kxa5 Nxe4 44. Kb6 e5 45. fxe5 f5 46. a4 f4 47. a5 f3 48. a6 f2 49. a7 f1=Q 50.
a8=Q Qb1+ 51. Kc6 Qc2+ 52. Kb6 Qc5+ 0-1

[Event "Early-Titled-Tuesday-Blitz-November-28-2023"]
[Site "Chess.com"]
[Date "2023.11.28"]
[Round "6"]
[White "Goffredo_Fofi"]
[Black "Lady_Nika"]
[Result "1-0"]
[WhiteElo "2471"]
[BlackElo "2565"]
[TimeControl "180+1"]
[EndTime "9:14:13 PST"]
[Termination "Goffredo_Fofi won by checkmate"]

1. d4 d5 2. c3 e6 3. Bf4 Bd6 4. e3 f5 5. Nf3 Nf6 6. c4 c6 7.
Nc3 O-O 8. Bd3 Ne4 9. O-O Qe7 10.
Qc2 Nd7 11. Ne2 a6 12. Rab1 h6 13. a4 g5 14. Bxd6 Qxd6 15. b4 Rf7 16. b5 axb5 17. axb5 g4 18. Nd2 Nf8 19. Nf4 h5 20. bxc6 bxc6 21.
Rb6 Qc7 22. Rfb1 Nxd2 23. Qxd2 h4 24. Qc2 g3 25. hxg3 hxg3 26. cxd5 gxf2+ 27. Kxf2 cxd5 28. Rc6 Qd8 29. Kg1 Rh7 30. Qf2 Qg5 31. Rbc1 Bd7 32. Rc7 Ra3 33. R7c3 Ra4 34. Be2 Ra2 35. R3c2 Ra3 36.
Rc7 Qh6 37. Qg3+ Rg7 38. Qf3 Rh7 39. Kf2 Rg7 40. Qh3 Qxh3 41. gxh3 Ra2 42. R1c2 Ra3 43. h4 Kf7 44. Bh5+ Ke7 45. Bf3 Kd6 46. R7c3 Ng6 47.
Rxa3 Nxh4 48. Ra6+ Ke7 49. Ra7 Rh7 50. Rcc7 Kd6 51. Be2 Rg7 52. Bb5 e5 53. Rxd7+ Rxd7 54. Rxd7# 1-0

[Event "Early-Titled-Tuesday-Blitz-November-28-2023"]
[Site "Chess.com"]
[Date "2023.11.28"]
[Round "6"]
[White "Bauman_Guy"]
[Black "Fonsofan"]
[Result "0-1"]
[WhiteElo "2882"]
[BlackElo "2750"]
[TimeControl "180+1"]
[EndTime "9:14:16 PST"]
[Termination "Fonsofan won by resignation"]

1. e4 c6 2. d4 d5 3. e5 h5 4. Bd3 g6 5. h3 Nh6 6. Nf3 Bf5 7.
Bxh6 Rxh6 8. Bxf5 gxf5 9. Nc3 e6 10. h4 c5 11. Ne2 Nc6 12. c3 Qb6 13. Qb3 Kd7 14. Rd1 Qxb3 15. axb3 cxd4 16. Nexd4 Rg6 17. g3 Bh6 18. b4 Rg4 19. Kf1 f4 20. Rh3 Rag8 21.
Ne2 a6 22. Nh2 Nxe5 23. Nxg4 hxg4 24. Rh1 f3 25. Nf4 Kd6 26. h5 Ke7 27. b3 Rc8 28. Nd3 Nd7 29. Rh4 f5 30. Re1 Kf6 31. Nf4 Ne5 32.
Ng6 Nd3 33. Rd1 Rxc3 34. Nf4 Rc1 35. Rxc1 Nxc1 36. Rh1 d4 37. Ke1 e5 38. Nd5+ Kf7 39. b5 axb5 40. Nb4 Nxb3 41. Kd1 e4 42. Kc2 Nc5 43. Ra1 d3+ 44. Kd1 f4 45. gxf4 g3 46.
fxg3 Bg7 47. Rc1 f2 48. Kd2 Nb3+ 49. Ke3 Bd4+ 50. Kxe4 Nxc1 51. Kxd4 f1=Q 52. Nd5 Qg1+ 53. Ke4 d2 54. Ne3 Qxe3+ 55. Kxe3 d1=Q 56. Ke4 Qd3+ 57. Ke5 Qd7 58. h6 Qe8+ 59. Kf5 b4 60. Kg5 b3 0-1

[Event "Early-Titled-Tuesday-Blitz-November-28-2023"]
[Site "Chess.com"]
[Date "2023.11.28"]
[Round "6"]
[White "jamengrand"]
[Black "Mistango"]
[Result "1-0"]
[WhiteElo "2270"]
[BlackElo "2457"]
[TimeControl "180+1"]
[EndTime "9:14:16 PST"]
[Termination "jamengrand won on time"]

1. e4 c5 2. Nf3 d6 3. d4 cxd4 4.
Nxd4 Nf6 5. Nc3 a6 6. Bg5 Nbd7 7.
Qe2 e6 8. O-O-O Qc7 9. f4 b5 10. a3 Bb7 11. g4 Be7 12. Bh4 Nc5 13. Bxf6 gxf6 14. Bg2 Rc8 15. Kb1 Na4 16. Nxa4 bxa4 17. Rhe1 Qb6 18. Ka1 Rb8 19. Rb1 a5 20. c3 Ba6 21.
Qe3 h5 22. e5 fxe5 23. fxe5 d5 24. g5 Bc4 25. h4 Bc5 26. Bf1 Bxf1 27. Rxf1 Rb7 28.
Qd2 Qc7 29. Rf6 Qxe5 30. Re1 Qb8 31. g6 Rf8 32. gxf7+ Rfxf7 33. Rfxe6+ Rfe7 34. Nc6 Qg3 35. Nxe7 Rxe7 36. Rxe7+ Bxe7 37. Qe2 Qxh4 38. Qe6 Qg5 39. Qc6+ Kf7 40. Rf1+ Kg7 41. Qd7 h4 42. Qe6 Bf6 43. Qe1 Kf7 44. Qe2 h3 45. Qf3 Qh4 46. Qxd5+ Ke7 47.
Qc5+ Kf7 48. Qd5+ Ke7 49. Qd2 h2 50. Rh1 Be5 51. Qe2 Ke6 52. Qa6+ Kf5 53. Qc8+ Kf4 54. Qc4+ Kg3 55. Qd3+ 1-0

[Event "Early-Titled-Tuesday-Blitz-November-28-2023"]
[Site "Chess.com"]
[Date "2023.11.28"]
[Round "6"]
[White "FunnyDuck66"]
[Black "vi_pranav"]
[Result "1-0"]
[WhiteElo "2561"]
[BlackElo "3034"]
[TimeControl "180+1"]
[EndTime "9:14:19 PST"]
[Termination "FunnyDuck66 won by checkmate"]

1. d4 Nf6 2. Nf3 e6 3. Bg5 Be7 4.
Nbd2 d6 5. c3 Nbd7 6. e4 O-O 7.
Bd3 b6 8. O-O Bb7 9. Qc2 e5 10.
dxe5 dxe5 11. Nc4 Nh5 12. Bxe7 Qxe7 13. Rfe1 Nf4 14. Bf1 Rfe8 15. b4 Rad8 16. Ne3 Nf6 17.
Nc4 Ng6 18. g3 h6 19. Bd3 Qe6 20. Rad1 Rd7 21. Ne3 Rxd3 22. Qxd3 Bxe4 23. Qe2 Bb7 24. Nd2 Nh7 25. Qc4 Qh3 26. Qg4 Ng5 27. Qxh3 Nxh3+ 28. Kf1 Nf8 29. f3 Ng5 30. Kf2 f6 31. h4 Nf7 32. Ne4 Bc6 33. Nf5 Ne6 34. Rd2 Kf8 35.
Red1 g6 36. Ne3 f5 37. Nf6 Re7 38. Nfd5 Re8 39. Nc4 Bb5 40. Nb2 Kg7 41. a4 Bc6 42. b5 Bb7 43. Nc4 c6 44. Nb4 cxb5 45. axb5 Nc5 46. Nd6 Nxd6 47. Rxd6 e4 48. f4 h5 49. Ke3 Kh6 50. Nc6 Na4 51. Ne5 Rg8 52. Rd7 Nxc3 53. Nf7+ Kg7 54. Ng5+ Kf8 55. Rd8+ Kg7 56.
R1d7+ Kf6 57. Rf7# 1-0

[Event "Early-Titled-Tuesday-Blitz-November-28-2023"]
[Site "Chess.com"]
[Date "2023.11.28"]
[Round "6"]
[White "Kaua18"]
[Black "BardArtem"]
[Result "0-1"]
[WhiteElo "2548"]
[BlackElo "2763"]
[TimeControl "180+1"]
[EndTime "9:14:20 PST"]
[Termination "BardArtem won by resignation"]

1. e4 c6 2. Nc3 d5 3. Nf3 Bg4 4.
h3 Bxf3 5. Qxf3 e6 6. Be2 Nf6 7. O-O dxe4 8. Nxe4 Nxe4 9. Qxe4 Qd5 10. Qxd5 cxd5 11. d4 Nc6 12. c3 Bd6 13. Bd3 Kd7 14. Bd2 a6 15. Rae1 b5 16. f4 f5 17. g4 g6 18. Kg2 h5 19. gxf5 gxf5 20. Kf3 Ne7 21. Rg1 Rh7 22. Rg5 Ng8 23. Reg1 Nf6 24. Rg7+ Rxg7 25. Rxg7+ Be7 26. Be1 Rg8 27. Rg5 Ke8 28. a4 bxa4 29. Bxa6 a3 30. bxa3 Bxa3 31. Rxg8+ Nxg8 32. Bc8 Kf7 33. Bd2 Nf6 34. Be1 Ne4 35. Ba6 Bb2 36. c4 dxc4 37. Bxc4 Bxd4 38. Ba2 Bc3 39.
Bf2 Bf6 40. Be3 Nd6 41. Bb3 Bd8 42. Bc5 Nc8 43. Be3 Bb6 44. Bd2 Nd6 45. Bc2 Nc4 46. Bc1 Bc5 47. Bd3 Nb6 48. Kg3 Nd5 49. Bd2 Be3 50. Bxe3 Nxe3 51. Be2 Kg6 52. Kh4 Nd5 53.
Bxh5+ Kh6 54. Bf7 Nxf4 55. Kg3 e5 56. h4 Kg7 57. Be8 Kf6 58. Bd7 Nh5+ 59. Kf3 e4+ 60. Ke3 Ke5 61. Be8 Nf6 62. Bg6 f4+ 63. Ke2 f3+ 64.
Ke3 Ng4+ 65. Kd2 e3+ 66. Ke1 f2+ 67. Ke2 Nh2 0-1

[Event "Early-Titled-Tuesday-Blitz-November-28-2023"]
[Site "Chess.com"]
[Date "2023.11.28"]
[Round "6"]
[White "FontVella8"]
[Black "cthulhuuu"]
[Result "0-1"]
[WhiteElo "2588"]
[BlackElo "2491"]
[TimeControl "180+1"]
[EndTime "9:14:21 PST"]
[Termination "cthulhuuu won by resignation"]

1. e4 d6 2. d4 Nf6 3. Nc3 c6 4.
Be3 b5 5. Bd3 e5 6. Nf3 Qc7 7.
h3 Be7 8. O-O O-O 9. Ne2 Re8 10.
Ng3 Bf8 11. c3 Nbd7 12. Qc2 a6 13. a4 Bb7 14. Rfc1 g6 15. Qd2 h5 16. Bg5 Nh7 17.
Bh6 Be7 18. c4 exd4 19. cxb5 c5 20. bxa6 Bxa6 21. b4 Bxd3 22. Qxd3 Bf6 23. b5 Ne5 24. Nxe5 dxe5 25. Bd2 h4 26. Nf1 Bg5 27. Bb4 Bxc1 28. Rxc1 Rxa4 29. Bxc5 Qb7 30. b6 Rc8 31. Nd2 Ra6 32.
Rc4 Ng5 33. Bd6 Rxb6 34. Rxc8+ Qxc8 35. Bxe5 Ne6 36. Nc4 Rb5 37. Bf6 Qc6 38. e5 Rc5 39. Nd6 Rc1+ 40. Kh2 Qc2 41. Qf3 Qd1 42. Qxd1 Rxd1 43.
g3 d3 44. Ne4 Re1 45. Nc3 d2 46. Bxh4 d1=Q 47. Nxd1 Rxd1 48. g4 Rd2 49. Bg3 g5 50.
Kg2 Nf4+ 51. Kf3 Rd3+ 52. Ke4 Ra3 53. h4 Ne2 54. hxg5 Nxg3+ 55. fxg3 Rxg3 56. Kf4 Rg1 57. g6 fxg6 58. Kg5 Kg7 59. e6 Re1 0-1

[Event "Early-Titled-Tuesday-Blitz-November-28-2023"]
[Site "Chess.com"]
[Date "2023.11.28"]
[Round "6"]
[White "vovachesss"]
[Black "wadsy27"]
[Result "1/2-1/2"]
[WhiteElo "2857"]
[BlackElo "2647"]
[TimeControl "180+1"]
[EndTime "9:14:23 PST"]
[Termination "Game drawn by agreement"]

1. e4 e6 2. d4 d5 3. Nc3 Nc6 4. Bb5 Ne7 5. Nf3 a6 6. Bd3 b5 7. O-O Bb7 8. Re1 Nb4 9. Bf1 h6 10. Ne5 Nec6 11. a3 Nxe5 12. axb4 Nc4 13. exd5 Bxb4 14.
dxe6 O-O 15. Qg4 fxe6 16. Qxe6+ Kh8 17. Bd3 Qxd4 18. Be3 Nxe3 19. Rxe3 Qf6 20. Qxf6 Rxf6 21. Be4 Bxc3 22. Bxb7 Bxb2 23. Rb1 Rb8 24. Be4 Bd4 25.
Rf3 Rxf3 26. Bxf3 a5 27. Bc6 Rb6 28. Bd5 a4 29. Rd1 c5 30. Kf1 g5 31. Re1 b4 32.
Re7 b3 33. cxb3 axb3 34. Be4 b2 35. Bb1 Ra6 36. Re1 Kg7 37. Ke2 Kf6 38. f3 Re6+ 39.
Kd1 Rxe1+ 40. Kxe1 Bg1 41. h3 Ke5 42. g3 Kd4 43. Kd2 Be3+ 44. Kc2 Bc1 45. Ba2 Ke3 46. f4 gxf4 47. gxf4 Kxf4 48. Be6 Ke5 49. Bc8 Kd4 50.
Bd7 Kc4 51. Be6+ Kb4 52. Bd7 Ka3 53. Be6 Bf4 54. Bd5 Be5 55. Be6 Kb4 56. Bd7 Kc4 57.
Be6+ Kb4 58. Bd7 c4 59. Be6 Kc5 60. Bc8 Bc3 61. Be6 Kd4 62. Bf5 Ke5 63. Bh7 Bd4 64.
Bg8 Kf4 65. Bxc4 Kg3 66. Be6 h5 67. Kb1 1/2-1/2

[Event "Early-Titled-Tuesday-Blitz-November-28-2023"]
[Site "Chess.com"]
[Date "2023.11.28"]
[Round "6"]
[White "MikeSailer"]
[Black "VitaliyChayka"]
[Result "0-1"]
[WhiteElo "2061"]
[BlackElo "2423"]
[TimeControl "180+1"]
[EndTime "9:14:24 PST"]
[Termination "VitaliyChayka won by checkmate"]

1. d4 g6 2. e4 d6 3. Nc3 c6 4. a4 a5 5. Be3 Na6 6. h3 Nf6 7. Nf3 Nb4 8. g4 h5 9. g5 Nd7 10. Bg2 Bg7 11. O-O O-O 12. Re1 Qc7 13. Nb1 e5 14. c3 Na6 15. Nbd2 Re8 16. Nh2 Nf8 17. f4 Be6 18. Rf1 Qd7 19. Qf3 exf4 20. Bxf4 d5 21. Qg3 dxe4 22. Nxe4 Nh7 23. Nd6 Rf8 24. Be5 Nc7 25. Rae1 Nd5 26. Bxg7 Kxg7 27. Qe5+ Kg8 28. Ne4 Rae8 29. Qg3 Bf5 30. Nc5 Qc8 31. Nf3 b6 32. Nb3 Bd3 33. Rf2 Ne3 34. Ne5 Nxg2 35. Kxg2 Bf5 36. Nd2 Re6 37. Ne4 Rfe8 38. Rxf5 gxf5 39.
Nf6+ Kg7 40. Nxe8+ Qxe8 41. Qf4 c5 42. Qxf5 cxd4 43.
cxd4 Nf8 44. h4 Ng6 45. Nf3 Rxe1 46. Qf6+ Kg8 47. Nxe1 Qxe1 48. Qd8+ Kh7 49. Qf6 Qe6 50. Qd8 Qe4+ 51. Kg1 Qg4+ 52. Kf1 Qf4+ 53. Ke2 Qe4+ 54.
Kd1 Nf4 55. Qf6 Qe2+ 56. Kc1 Nd3+ 57. Kb1 Qxb2# 0-1

[Event "Early-Titled-Tuesday-Blitz-November-28-2023"]
[Site "Chess.com"]
[Date "2023.11.28"]
[Round "6"]
[White "alvarorodriguezavila"]
[Black "Kotofeyca"]
[Result "1/2-1/2"]
[WhiteElo "2232"]
[BlackElo "2442"]
[TimeControl "180+1"]
[EndTime "9:14:24 PST"]
[Termination "Game drawn - insufficient material"]

1. e4 c5 2. Nf3 d6 3. d4 cxd4 4. Nxd4 Nf6 5. Nc3 a6 6. Bg5 e6 7.
f4 Qb6 8. Qd2 Nc6 9. O-O-O Bd7 10. f5 Qxd4 11. Qxd4 Nxd4 12. Rxd4 Be7 13. fxe6 fxe6 14.
Be2 Bc6 15. Bc4 e5 16. Bxf6 exd4 17. Bxd4 Bf6 18. Bxf6 gxf6 19. Rf1 Ke7 20. g3 Rac8 21. Bd3 Rhg8 22. Ne2 Rg5 23. Kd2 Re5 24. Rf4 Kf7 25. Nd4 d5 26. Nf3 Rh5 27. e5 Rh6 28. exf6 Rxf6 29. Ng5+ Kg7 30. Rxf6 Kxf6 31. Nxh7+ Ke5 32. Ng5 Rf8 33. h4 Rf2+ 34. Ke3 Rg2 35. Nf3+ Kf6 36.
Kf4 Bb5 37. Bxb5 axb5 38. Nd4 Rf2+ 39. Ke3 Rg2 40. Kf3 Rd2 41. Ke3 Rg2 42. Ne2 Ke5 43. Kf3 Rh2 44. c3 b4 45. cxb4 d4 46. Nf4 Rxb2 47.
h5 Rxa2 48. h6 Rh2 49. Ng6+ Kd6 50. Nh4 Ra2 51. h7 Ra8 52. Ng6 Kd5 53. h8=Q Rxh8 54.
Nxh8 Kc4 55. Ke2 Kxb4 56. Kd3 Ka3 57. g4 b5 58. g5 b4 59. g6 b3 60. g7 b2 61.
g8=Q b1=Q+ 62. Kxd4 Qb2+ 63. Ke3 Qb3+ 64. Qxb3+ Kxb3 1/2-1/2

[Event "Early-Titled-Tuesday-Blitz-November-28-2023"]
[Site "Chess.com"]
[Date "2023.11.28"]
[Round "6"]
[White "ViktoriyaTarasova"]
[Black "MaxLeto"]
[Result "0-1"]
[WhiteElo "2360"]
[BlackElo "2548"]
[TimeControl "180+1"]
[EndTime "9:14:26 PST"]
[Termination "MaxLeto won on time"]

1. d4 h5 2. e4 h4 3. h3 d5 4. e5 Bf5 5. Nf3 e6 6. c4 dxc4 7. Bxc4 Nd7 8. Nc3 Nb6 9. Bb3 Be7 10. O-O Nh6 11. Be3 c6 12. a4 Nd5 13. Nxd5 exd5 14. a5 a6 15. Bd2 Qd7 16. Ne1 O-O-O 17. Rc1 Kb8 18. Bf4 Ka8 19. Nd3 g5 20. Be3 g4 21.
Bxh6 Rxh6 22. hxg4 Bxg4 23. f3 Bf5 24. Nc5 Bxc5 25.
Rxc5 Rg8 26. Bc2 Rhg6 27. Rf2 Rg3 28. Bxf5 Qxf5 29. Qc2 Qf4 30. Rxc6 Qxd4 31. Rc8+ Rxc8 32. Qxc8+ Ka7 33. Qc2 h3 34. Kh2 Rxg2+ 35. Rxg2 hxg2 36. Kxg2 Qxe5 37. Qc5+ Kb8 38. Qf8+ Kc7 39. Qxf7+ Kc6 40. Qg6+ Kb5 41. Qd3+ Kxa5 42. Qa3+ Kb6 43. Qb3+ Kc6 44. Qc2+ Kd7 45. Qh7+ Kc8 46. Qg8+ Kc7 47. Qf7+ Kb8 48. Qf8+ Kc7 49. Qc5+ Kd7 50. Qb6 Qc7 51. Qd4 Qc4 52.
Qg7+ Kc6 53. Kg3 a5 54. Qf6+ Kb5 55. Qg7 b6 56. Qd7+ Kb4 57. Qf5 Kb3 58. Qb1 a4 59.
f4 b5 60. f5 Qd4 0-1

[Event "Early-Titled-Tuesday-Blitz-November-28-2023"]
[Site "Chess.com"]
[Date "2023.11.28"]
[Round "6"]
[White "Shuvalov"]
[Black "Nitzan_Steinberg"]
[Result "0-1"]
[WhiteElo "2577"]
[BlackElo "2893"]
[TimeControl "180+1"]
[EndTime "9:14:28 PST"]
[Termination "Nitzan_Steinberg won on time"]

1. d4 Nf6 2. c4 g6 3. Nc3 Bg7 4. e4 d6 5. Nf3 O-O 6. Be2 e5 7.
O-O Nbd7 8. Be3 Re8 9. d5 a5 10. Ne1 Rf8 11. Nd3 b6 12. g4 Nc5 13. f3 h5 14. Nf2 Kh8 15. Kg2 Nh7 16. Qd2 Bf6 17.
Rg1 Bg5 18. Bxg5 Qxg5 19. Qxg5 Nxg5 20. h4 Nh7 21. gxh5 gxh5 22. Kh2 Bd7 23. Nh1 Rg8 24.
Ng3 Nf6 25. Bf1 Rg6 26. Rd1 Rag8 27. Bh3 Bxh3 28. Kxh3 Kh7 29. Nb5 Ne8 30. Kh2 Rf6 31.
Nf5 Rxg1 32. Rxg1 Nd3 33. b3 Rg6 34. Rg3 Nc1 35. Nc3 Ng7 36. Ne7 Rf6 37. Kg2 Rf4 38.
Kf2 Nd3+ 39. Ke3 Nb4 40. Kd2 Kh8 41. Rh3 Ne8 42. a3 Na6 43. Kc2 Ng7 44. Nb5 f5 45. Ng6+ Kh7 46. Nxf4 exf4 47. Kd3 Kg6 48. Rh1 Kf6 49. Rg1 Nc5+ 50. Kc3 fxe4 51. b4 axb4+ 52. axb4 Nd7 53. fxe4 f3 54. Kd4 Ne5 55. Nxc7 Ng4 56.
Rf1 f2 57. c5 bxc5+ 58. bxc5 dxc5+ 59. Kxc5 Ke5 60. d6 Nf6 61. Kc6 Nxe4 62. d7 Nf5 0-1

[Event "Early-Titled-Tuesday-Blitz-November-28-2023"]
[Site "Chess.com"]
[Date "2023.11.28"]
[Round "6"]
[White "mbachez"]
[Black "DuleMudule"]
[Result "0-1"]
[WhiteElo "2571"]
[BlackElo "2815"]
[TimeControl "180+1"]
[EndTime "9:14:32 PST"]
[Termination "DuleMudule won on time"]

1. e4 c6 2. Nf3 d5 3. exd5 cxd5 4. Ne5 a6 5. d4 g6 6. c4 Nf6 7. Nc3 Be6 8. Qb3 Nc6 9. Be3 Bg7 10. Qxb7 Na5 11. Qb4 dxc4 12. Nxc4 Bxc4 13. Bxc4 O-O 14. Be2 Rb8 15. Qa3 Qc7 16. O-O Nc4 17. Bxc4 Qxc4 18. Na4 Ng4 19. Rac1 Qb5 20. h3 Nxe3 21.
fxe3 Bh6 22. Rf3 e6 23. Rc2 a5 24. Nc5 Rfc8 25. Kh1 Bf8 26. Qc3 Rc7 27. Rcf2 Rbc8 28.
e4 e5 29. Qd3 Rxc5 30. dxc5 Qxc5 31. Qf1 f5 32. Kh2 fxe4 33. Rf7 Bh6 34. Re2 Bf4+ 35.
Rxf4 exf4 36. Qxf4 Qc4 37. Rxe4 Qxa2 38. Qe5 a4 39. Qe6+ Qxe6 40. Rxe6 Rb8 41. Ra6 Rb4 42. Kg3 Kg7 43. Kf3 Kh6 44. Ra5 g5 45. g4 Kg6 46.
Ra6+ Kf7 47. Ke3 Ke7 48. Kd3 Rb3+ 49. Ke4 Rxh3 50. Rxa4 Rb3 51. Ra7+ Ke6 52. Ra6+ Ke7 53. Ra7+ Kf6 54. Rxh7 Rb4+ 55. Kf3 Rxb2 56. Ke4 Rb3 0-1

[Event "Early-Titled-Tuesday-Blitz-November-28-2023"]
[Site "Chess.com"]
[Date "2023.11.28"]
[Round "6"]
[White "Karateloru"]
[Black "JuniorJumper"]
[Result "1/2-1/2"]
[WhiteElo "2789"]
[BlackElo "2571"]
[TimeControl "180+1"]
[EndTime "9:14:33 PST"]
[Termination "Game drawn - insufficient material"]

1. e4 e5 2. Bc4 Nf6 3. d3 Nc6 4. Nc3 d6 5. f4 Na5 6. Bb3 Nxb3 7. axb3 c6 8. Nf3 Bg4 9. O-O Be7 10. Qe1 O-O 11.
fxe5 dxe5 12. Be3 Nd7 13. Kh1 Bxf3 14. Rxf3 Bc5 15. Bd2 Kh8 16. Qg3 f6 17. Raf1 Rf7 18. Qh3 Nf8 19. Ne2 Qd7 20. g4 Ne6 21. Qh5 g6 22.
Qh4 Raf8 23. Bh6 Ng7 24. Rxf6 Rxf6 25. Rxf6 Rxf6 26. Qxf6 Qe7 27. Qxe7 Bxe7 28. Bxg7+ Kxg7 29. Kg2 Bg5 30. Kf3 Kf6 31. c3 Ke6 32. d4 b6 33. b4 a5 34. bxa5 bxa5 35. b3 Bd2 36. h3 Kd6 37. dxe5+ Kxe5 38. Nd4 Bxc3 39. Nxc6+ Kd6 40.
Nd8 Ke7 41. Nc6+ Kd6 42. Na7 Kc5 43. Kf4 Bd2+ 44. Ke5 Kb4 45. Kd5 Kxb3 46. e5 a4 47.
e6 Bb4 48. Nb5 a3 49. Nxa3 Bxa3 50. Kc6 Kc4 51. Kd7 Kd5 52. e7 Bxe7 53. Kxe7 Ke5 54.
Kf7 Kf4 55. Kg7 h5 56. Kxg6 hxg4 57. hxg4 Kxg4 1/2-1/2

[Event "Early-Titled-Tuesday-Blitz-November-28-2023"]
[Site "Chess.com"]
[Date "2023.11.28"]
[Round "6"]
[White "wqws"]
[Black "Atousa1"]
[Result "1/2-1/2"]
[WhiteElo "2589"]
[BlackElo "2464"]
[TimeControl "180+1"]
[EndTime "9:14:35 PST"]
[Termination "Game drawn by repetition"]

1. e4 c5 2. Nf3 e6 3. Nc3 a6 4.
a4 Nc6 5. g3 d5 6. exd5 exd5 7.
Bg2 Nf6 8. O-O Be7 9. d4 cxd4 10. Nxd4 O-O 11. h3 Re8 12. Re1 Nxd4 13. Qxd4 Bf5 14.
Bg5 Bxc2 15. Re2 Be4 16. Rae1 h6 17. Bxe4 dxe4 18. Bxf6 Bxf6 19. Qxd8 Rexd8 20. Nxe4 Bd4 21. Rd1 Be5 22. Red2 Rxd2 23. Rxd2 Rc8 24. f4 Bf6 25. Kf2 Rc4 26. Nxf6+ gxf6 27. b3 Rc3 28. Rb2 b5 29. axb5 axb5 30. b4 f5 31. Rd2 Rc4 32. Rd5 Rxb4 33.
Rxf5 Kg7 34. Kf3 Rb3+ 35. Kg4 b4 36. Rb5 Rb1 37. Rb6 b3 38. Kf5 b2 39. g4 Rh1 40.
Rxb2 Rxh3 41. Rb7 Ra3 42. Rb5 Ra4 43. Ke5 Ra1 44. Ke4 Ra4+ 45. Kf5 Ra1 46. Rd5 Rb1 47. Rc5 Ra1 48. Rb5 Rc1 49. Re5 Ra1 50. Rd5 Rb1 51. Ke5 Re1+ 52. Kd4 Rg1 53. g5 hxg5 54. fxg5 Kg6 55.
Ke4 Rxg5 56. Rd6+ f6 57. Kf4 Rg1 58. Rd5 Rf1+ 59. Kg3 Ra1 60. Kf3 Ra4 61. Rb5 Rc4 62. Ra5 f5 63. Kg3 Kg5 64. Ra3 Rd4 65. Kf3 Re4 66.
Rb3 Re1 67. Rb4 Re6 68. Ra4 Rd6 69. Rb4 Rd1 70. Ra4 Kf6 71. Ra5 Kg5 72. Ra4 Rd5 73.
Rb4 Kf6 74. Ra4 Ke5 75. Ke3 Rc5 76. Kf3 Rb5 77. Ke3 Rb3+ 78. Kf2 Rc3 79. Ke2 Kf6 80. Kf2 Kg5 81. Kg2 f4 82. Ra8 Rc2+ 83.
Kf3 Rc3+ 84. Kf2 Rc5 85. Rg8+ Kf5 86. Rf8+ Ke4 87. Re8+ Re5 88. Rxe5+ Kxe5 89. Ke2 Kf5 90. Kf3 Ke5 91. Kf2 Ke4 92. Ke2 f3+ 93. Kf2 Kf4 94. Kf1 Ke3 95. Ke1 Ke4 96. Kf2 Kf4 97. Kf1 Kg4 98. Kf2 Kf4 1/2-1/2

[Event "Early-Titled-Tuesday-Blitz-November-28-2023"]
[Site "Chess.com"]
[Date "2023.11.28"]
[Round "6"]
[White "Kirill_Klukin"]
[Black "Timerkhanov"]
[Result "1-0"]
[WhiteElo "2858"]
[BlackElo "2686"]
[TimeControl "180+1"]
[EndTime "9:14:36 PST"]
[Termination "Kirill_Klukin won on time"]

1. d4 d5 2. c4 c6 3. Nc3 Nf6 4. Nf3 dxc4 5. e3 Be6 6. Ne5 Nbd7 7. Nxc4 g6 8. Be2 Bg7 9. O-O O-O 10. b3 c5 11. Bb2 cxd4 12. Qxd4 Nd5 13. Qd2 Nxc3 14. Bxc3 Bxc3 15. Qxc3 Rc8 16. Qd4 b5 17. Ne5 Nxe5 18.
Qxe5 b4 19. h4 Qc7 20. Qd4 Qc5 21. Qf4 Rfd8 22. Bf3 Rd2 23. Rac1 Qxc1 24. Rxc1 Rxc1+ 25. Kh2 h5 26. Qxb4 Rxf2 27. Qb8+ Kh7 28. Qxa7 Rcc2 29. Kg3 Rxa2 30. Qxe7 Bxb3 31. Be4 Be6 32. Qc5 Bf5 33. Bf3 Be6 34. Qd4 Rfd2 35. Qc5 Rac2 36. Qe5 Rb2 37.
Qc3 Rbc2 38. Qe5 Rb2 39. Be4 Kg8 40. Qf6 Re2 41. Qd4 Rbd2 42. Qc5 Bf5 43. Bf3 Rf2 44. Qe5 Be6 45. Qc5 Bg4 46. Qe7 Bxf3 47. gxf3 Rg2+ 48. Kf4 Rh2 49. Qe8+ Kg7 50. Qe5+ Kg8 51. Qe8+ Kg7 52.
Qe5+ Kg8 53. Qf6 Ra2 54. Kg5 Kf8 55. Qh8+ Ke7 56. Qe5+ Kf8 57. Kh6 Rhb2 58. Qh8+ Ke7 59. Qe5+ Kf8 60. Qg7+ Ke7 61. Qd4 Rd2 62. Qe5+ Kf8 63.
Kh7 Rac2 64. Qh8+ Ke7 65. Qe5+ Kf8 66. Qb8+ Ke7 67. Qb4+ 1-0

[Event "Early-Titled-Tuesday-Blitz-November-28-2023"]
[Site "Chess.com"]
[Date "2023.11.28"]
[Round "6"]
[White "carloseduar100"]
[Black "katharinareinecke"]
[Result "1/2-1/2"]
[WhiteElo "2286"]
[BlackElo "1998"]
[TimeControl "180+1"]
[EndTime "9:14:36 PST"]
[Termination "Game drawn - insufficient material"]

1. d4 d5 2. c3 Nf6 3. Bg5 e6 4. Nd2 Be7 5. e3 O-O 6. Bd3 h6 7. Bh4 Nbd7 8. f4 c5 9. Ngf3 a6 10.
O-O b5 11. a3 Bb7 12. Ne5 Ne4 13. Bxe4 dxe4 14. Bf2 Nb6 15. Qh5 Bf6 16. g4 Bxe5 17.
fxe5 f6 18. Bg3 Nd7 19. exf6 Nxf6 20. Qxc5 Nxg4 21. Bd6 Rxf1+ 22. Rxf1 Qg5 23. Bf4 Qxc5 24. dxc5 Rd8 25. Bd6 Nxe3 26. Re1 Nc4 27. Nxe4 Bxe4 28.
Rxe4 Nxd6 29. cxd6 Rxd6 30. a4 bxa4 31. Rxa4 Kf7 32.
b4 Rd1+ 33. Kf2 Rc1 34. Ra3 Rc2+ 35. Ke3 Rxh2 36. Rxa6 e5 37. b5 Rh3+ 38. Kd2 Rh2+ 39. Kd3 Rb2 40. c4 h5 41. Ke4 h4 42. Kxe5 h3 43. Ra1 h2 44. Kf4 Rb4 45. Kg3 Rxc4 46.
Rb1 Rc8 47. Kxh2 Rb8 48. Kg3 Ke7 49. Kf4 Kd6 50. Ke4 Kc5 51. Rc1+ Kb6 52. Kf5 Rb7 53. Rb1 Rc7 54. Kg6 Rc5 55. Kxg7 Rxb5 56. Ra1 Kc5 57. Kf6 Kc4 58. Ke6 Kd3 59. Kd6 Ke3 60. Kc6 Rh5 61. Rd1 Rg5 62. Kd6 Kf3 63. Ke6 Ra5 64. Re1 Kf4 65.
Kd6 Kf5 66. Re2 Kf4 67. Re8 Kf5 68. Kc6 Kf4 69. Kb6 Rh5 70. Kc6 Kf3 71. Kd7 Kf4 72. Rf8+ Ke4 73. Rf1 Kd4 74. Ke6 Kc4 75. Rc1+ Kd4 76.
Rd1+ Kc4 77. Rd7 Kc5 78. Rd2 Kc4 79. Kf6 Kc3 80. Rf2 Ra5 81. Kg6 Kd4 82. Rf4+ Kc3 83.
Rf5 Rxf5 84. Kxf5 1/2-1/2

[Event "Early-Titled-Tuesday-Blitz-November-28-2023"]
[Site "Chess.com"]
[Date "2023.11.28"]
[Round "6"]
[White "Goryachkina"]
[Black "ilushka"]
[Result "0-1"]
[WhiteElo "2610"]
[BlackElo "2423"]
[TimeControl "180+1"]
[EndTime "9:14:38 PST"]
[Termination "ilushka won on time"]

1. e4 e5 2. Nf3 Nc6 3. Bc4 Nf6 4.
d3 Bc5 5. c3 O-O 6. O-O d6 7.
Nbd2 a5 8. Bb3 h6 9. h3 Be6 10. Ba4 Ne7 11. d4 exd4 12. cxd4 Bb6 13. Re1 Ng6 14. Nf1 d5 15. e5 Ne4 16. Bc2 f5 17. Be3 Nh4 18. Nxh4 Qxh4 19. f3 f4 20. fxe4 fxe3 21.
Nxe3 dxe4 22. Bb3 Qf2+ 23. Kh1 Bxb3 24. Qxb3+ Kh8 25. Rf1 Qd2 26. Nc4 Qxd4 27. Nxb6 cxb6 28. e6 Rae8 29. Rxf8+ Rxf8 30. e7 Re8 31. Qe6 Qb4 32. Rf1 Qxe7 33. Qxb6 e3 34. Re1 Qb4 35. Qxb4 axb4 36.
Re2 g5 37. Kh2 Kg7 38. Kg3 Kf6 39. Kf3 Kf5 40. g4+ Kf6 41. Rxe3 Rxe3+ 42. Kxe3 Ke5 43. b3 b5 44. Kd3 Kf4 45. Kd4 Kg3 46. Kc5 Kxh3 47.
Kxb4 Kxg4 48. a4 bxa4 49. bxa4 Kh3 50. a5 g4 51. a6 g3 52. a7 g2 53. a8=Q g1=Q 54.
Qh8 Qg4+ 55. Kb3 h5 56. Qf6 h4 57. Qf1+ Qg2 58. Qf5+ Qg4 59. Qf1+ Kh2 60. Ka3 Qg2 61. Qf5 h3 0-1